 Dungeon Crawl Stone Soup version 0.31.0-11-ge490571c62 (webtiles) character file.

Game seed: 13596390141478872091

9 ezpacito the Trooper (level 2, 18/24 HPs)
             Began as a Demonspawn Berserker on Feb 8, 2024.
             Was a Follower of Trog.
             Quit the game on level 1 of the Dungeon.
             The game lasted 00:00:39 (96 turns).

ezpacito the Trooper (Demonspawn Berserker)           Turns: 96, Time: 00:00:40

Health: 18/24      AC:  2    Str: 17    XL:     2   Next: 3%
Magic:  2/2        EV: 12    Int:  7    God:    Trog [*.....]
Gold:   0          SH:  0    Dex: 12    Spells: 1/1 levels left

rFire   . . .        a - +0 hand axe
rCold   . . .        (no shield)
rNeg    . . .        b - +0 animal skin
rPois   .            (helmet restricted)
rElec   .            (no cloak)
rCorr   .            (no gloves)
SInv    .            (no boots)
Will    .....        (no amulet)
Stlth   +            (no ring)
HPRegen 0.24/turn    (no ring)
MPRegen 0.08/turn

%: no passive effects
@: no status effects
A: antennae 1
a: Renounce Religion, Berserk


You were on level 1 of the Dungeon.
You worshipped Trog.
Trog was aware of your devotion.
You visited 1 branch of the dungeon, and saw 1 of its levels.

Inventory:

Hand Weapons
 a - a +0 hand axe (weapon)
Missiles
 d - 5 stones (quivered)
Armour
 b - a +0 animal skin (worn)
Potions
 c - a potion of cancellation {unknown}


   Skills:
 * Level 3.1 Fighting
 * Level 2.9 Axes
 * Level 1.8 Armour
 * Level 1.8 Dodging
 * Level 0.2 Stealth
 * Level 0.2 Unarmed Combat


You had one spell level left.
You didn't know any spells.
Your spell library was empty.

Dungeon Overview and Level Annotations

Branches:
Dungeon (1/15)

Altars:


Innate Abilities, Weirdness & Mutations

You have a pair of small antennae on your head.


Message History

You closely miss the frilled lizard. The frilled lizard bites you.
You are too injured to fight recklessly!
You are too injured to fight recklessly!
You barely miss the frilled lizard. The frilled lizard closely misses you.
You hit the frilled lizard.
You kill the frilled lizard!
Trog accepts your kill.
A ball python comes into view.
The ball python hisses angrily.
Found a stone staircase leading down.
You closely miss the ball python. The ball python barely misses you.
The ball python grabs you. The ball python constricts you.
The ball python bites you. The ball python constricts you.
You are too injured to fight recklessly!
You are too injured to fight recklessly!
You are too injured to fight recklessly!
You are too injured to fight recklessly!
You are too injured to fight recklessly!
You are too injured to fight recklessly!
You are too injured to fight recklessly!
You are too injured to fight recklessly!
You are too injured to fight recklessly!
You are too injured to fight recklessly!
You are too injured to fight recklessly!
You are too injured to fight recklessly!
You hit the ball python.
You kill the ball python!
Trog accepts your kill.
A goblin comes into view. It is wielding a +0 club.
A goblin is nearby!
The goblin shouts!
You hear a shout! x2
A hobgoblin comes into view.
The hobgoblin shouts!
You slash the goblin!
You kill the goblin!
Trog accepts your kill.
You have reached level 2!
Your demonic ancestry asserts itself...
A pair of antennae grows on your head!
Are you sure you want to abandon this character and quit the game? (Confirm with "yes".)

.. # .. #. #. #. #.#
###.##.#######.#
......... ...#.#
........####.#.##
.>g....)........########
...###.@..#...#.........
........#.#.....#######.
.#......†...>††..# #.
####.#..##..#.#.# #.
##.#........#.# #.
#.........###.# #.
#.#..##.....#.# #.
...............# #†
###.##.######.### #.


You could see a hobgoblin.

Vanquished Creatures
  A ball python (D:1)
  A goblin (D:1)
  A hobgoblin (D:1)
  3 jackals (D:1)
  A frilled lizard (D:1)
7 creatures vanquished.

Notes
Turn   | Place    | Note
-------+----------+-------------------------------------------
     0 | D:1      | ezpacito the Demonspawn Berserker began the quest for the
                  | Orb.
     0 | D:1      | Reached XP level 1. HP: 18/18 MP: 1/1
    96 | D:1      | Gained mutation: You have a pair of small antennae on your
                  | head. [demonic ancestry]
    96 | D:1      | Reached XP level 2. HP: 18/24 MP: 2/2
    96 | D:1      | Quit the game

Illustrated notes

Levels and vault maps discovered:
D:1:      dpeg_arrival_pond, layout_loops_ring, basic_ecumenical_altar

Action                     || total
---------------------------++-------
  Melee: Hand axe          ||    18
 Armour: Animal skin       ||    13
  Dodge: Dodged            ||     8
